 Dungeon Crawl Stone Soup version 0.27.1-34-g3ba077fa99 (webtiles) character file.

Game seed: 10546780896944614957

777 pkoi the Martial Artist (level 7, -5/61 HPs)
             Began as a White Draconian Monk on Jan 12, 2022.
             Slain by an ogre (31 damage)
             ... on level 5 of the Dungeon.
             The game lasted 00:06:04 (6359 turns).

pkoi the Martial Artist (White Draconian Monk)      Turns: 6359, Time: 00:06:05

Health: -5/61      AC:  6    Str: 13    XL:     7   Next: 54%
Magic:  7/7        EV: 13    Int: 12    God:
Gold:   213        SH:  0    Dex: 14    Spells: 6/6 levels left

rFire    . . .     SeeInvis .     - Unarmed
rCold    + + .     Faith    .   (no shield)
rNeg     . . .     Spirit   .   (armour unavailable)
rPois    .         Reflect  .   (helmet restricted)
rElec    .         Harm     .   (no cloak)
rCorr    .         Rampage  .   (no gloves)
Will     .....                  (no boots)
Stlth    ++........             l - amulet of regeneration
HPRegen  1.20/turn              i - ring of protection from cold
MPRegen  0.10/turn              (no ring)

@: no status effects
A: breathe frost, AC +6, unfitting armour, cold resistance 1, cold-blooded
a: Breathe Frost


You were on level 5 of the Dungeon.
You visited 1 branch of the dungeon, and saw 5 of its levels.

You collected 213 gold pieces.

Inventory:

Hand Weapons
 c - a +0 short sword
 j - a +3 falchion
Jewellery
 i - a ring of protection from cold (left hand)
 l - an amulet of regeneration (around neck)
Wands
 o - a wand of flame (16)
Scrolls
 a - 3 scrolls of identify
 d - a scroll of noise {unknown}
 f - a scroll of fog {unknown}
 g - a scroll of vulnerability {unknown}
 h - a scroll of enchant armour {unknown}
 m - 3 scrolls of amnesia {unknown}
 n - a scroll of summoning {unknown}
 p - a scroll of teleportation {unknown}
 q - a scroll of magic mapping {unknown}
 s - a scroll of torment {unknown}
 u - a scroll of fear {unknown}
 v - a scroll of brand weapon {unknown}
 w - a scroll of immolation {unknown}
Potions
 b - 2 potions of lignification
 e - 2 potions of curing {unknown}
 k - a potion of flight {unknown}
 r - a potion of might {unknown}
 t - a potion of invisibility {unknown}


   Skills:
 - Level 5.0 Fighting
 - Level 3.0 Dodging
 - Level 1.7 Stealth
 + Level 8.2 Unarmed Combat


You had 6 spell levels left.
You didn't know any spells.
Your spell library contained the following spells:

 Spells                   Type           Power      Damage    Failure   Level
 Static Discharge         Conj/Air       0%         N/A       45%         2
 Lightning Bolt           Conj/Air       0%         1d11      100%        5
 Maxwell's Capacitive Co  Air            0%         ∞         100%        8


Dungeon Overview and Level Annotations

Branches:
Dungeon (5/15)
 Temple: D:4-7

Altars:
Elyvilon


Innate Abilities, Weirdness & Mutations

You can breathe waves of freezing cold which knock back foes.
Your icy white scales are hard. (AC +6)
You cannot fit into any form of body armour.
Your flesh is cold resistant. (rC+)
You are cold-blooded and may be slowed by cold attacks.


Message History

You exhale a wave of freezing cold.
The freezing breath misses the phantom.
The freezing breath hits the ogre.
The ogre is moderately wounded.
The ogre is blown backwards by the freezing wind.
The phantom misses you.
You barely miss the phantom.
Your tail-slap misses the phantom.
The phantom is severely damaged.
The phantom hits you.
You hit the phantom.
The phantom is severely damaged.
The phantom hits you but does no damage.
You completely miss the ogre. You tail-slap the ogre.
The ogre is moderately wounded.
The ogre hits you with a +0 giant spiked club!
* * * LOW HITPOINT WARNING * * *
The phantom barely misses you.
You hit the ogre.
Your tail-slap misses the ogre.
The ogre is moderately wounded.
The ogre closely misses you. The phantom hits you.
* * * LOW HITPOINT WARNING * * *
The phantom blinks!
You blink.
You hit the phantom.
The phantom is almost destroyed.
You closely miss the phantom.
You tail-slap the phantom, but do no damage.
The phantom is almost destroyed.
The phantom hits you!
* * * LOW HITPOINT WARNING * * *
The phantom blinks!
You blink.
You hit the phantom.
You destroy the phantom!
Your Unarmed Combat skill increases to level 8!
You completely miss the ogre.
The ogre is moderately wounded.
You punch the ogre! You tail-slap the ogre.
The ogre is severely wounded.
You have got your breath back.
The ogre hits you with a +0 giant spiked club!!
Ouch! That really hurt!
You die...

#. #.#
#.#########.#
#........##.#
#........##.#
#........##.#
#........##.#
#...$....##.#
#........##'######
#..............O@#
#......$.........+
#................#
#.################
#


You could see an ogre.

Vanquished Creatures
  An ogre (D:5)
  3 phantoms
  2 scorpions
  An orc priest (D:5)
  An orc wizard (D:5)
  A scorpion zombie (D:5)
  Natasha (D:3)
  3 hound skeletons (D:4)
  Robin (D:1)
  3 gnolls (D:4)
  2 adders
  An adder skeleton (D:4)
  5 worms
  3 dart slugs
  16 orcs
  8 endoplasms
  5 giant cockroaches
  14 goblins
  12 hobgoblins
  3 jackals (D:5)
  2 quokkas
  9 ball pythons
  5 bats
  6 frilled lizards
  9 kobolds
  10 rats
127 creatures vanquished.

Notes
Turn   | Place    | Note
-------+----------+-------------------------------------------
     0 | D:1      | pkoi the Draconian Monk began the quest for the Orb.
     0 | D:1      | Reached XP level 1. HP: 19/19 MP: 1/1
   324 | D:1      | Reached XP level 2. HP: 6/26 MP: 2/2
  1235 | D:1      | Reached skill level 4 in Unarmed Combat
  1604 | D:1      | Reached XP level 3. HP: 31/31 MP: 3/3
  2016 | D:1      | Found a faded altar of an unknown god.
  2186 | D:2      | Noticed Robin
  2543 | D:1      | Killed Robin
  2655 | D:2      | Reached XP level 4. HP: 38/38 MP: 4/4
  2677 | D:2      | Reached skill level 5 in Unarmed Combat
  2789 | D:2      | Found a white marble altar of Elyvilon.
  3902 | D:3      | Reached XP level 5. HP: 45/45 MP: 5/5
  4083 | D:4      | Reached skill level 6 in Unarmed Combat
  4247 | D:4      | Noticed Natasha
  4642 | D:3      | Killed Natasha
  4818 | D:4      | Reached XP level 6. HP: 51/51 MP: 6/6
  5177 | D:4      | Reached skill level 7 in Unarmed Combat
  5491 | D:5      | Entered Level 5 of the Dungeon
  6098 | D:5      | Your scales start taking on an icy white colour.
  6098 | D:5      | Reached XP level 7. HP: 60/60 MP: 7/7
  6098 | D:5      | Gained mutation: Your flesh is cold resistant. (rC+) [White
                  | Draconian growth]
  6215 | D:5      | Reached skill level 5 in Fighting
  6352 | D:5      | Reached skill level 8 in Unarmed Combat
  6359 | D:5      | Slain by an ogre

Illustrated notes

Levels and vault maps discovered:
D:1:      giann_forest_graveyard, layout_basic,
          hellmonk_ecumenical_altar_slurped_away, minmay_distorted
D:2:      layout_loops_ring, basic_altar, minmay_nonomino_d4, uniq_robin
D:3:      layout_rooms
D:4:      layout_basic, uniq_natasha
D:5:      layout_basic

Skill      XL: |  1  2  3  4  5  6  7 |
---------------+----------------------+-----
Unarmed Combat | 4 5 6 7 8 |  8.2
Dodging        | 3 |  3.0
Fighting       | 4 5 |  5.0
Stealth        | |  1.7

Action                   |  1- 3 |  4- 6 |  7- 9 || total
-------------------------+-------+-------+-------++-------
Melee: Unarmed           |   152 |   279 |    54 ||   485
       Tailslap          |    14 |    29 |    10 ||    53
       Punch             |     6 |     5 |     2 ||    13
 Abil: Breathe Frost     |       |       |     1 ||     1
  Use: Potion            |     1 |       |       ||     1
       Scroll            |     1 |       |       ||     1
 Stab: Sleeping          |     2 |     6 |       ||     8
Armor: Skin              |    50 |    56 |    10 ||   116
Dodge: Dodged            |    85 |   174 |    23 ||   282
